Map: Orbital Shipyard

Players

MelloW (Nina)

  • Race: Protoss Protoss
  • League: Grandmaster

LiquidTLO (TLO) - Winner!

  • Race: Zerg Zerg
  • League: Grandmaster

Event: puCK vs TLO Bo9 (Matcherino)

VOD

Have the link to the VOD?

Description

Time

  • Played on: Nov. 17, 2015, 12:54 p.m.
  • Length: 11:35

All games in this series

Show
View Real Time Build Order
Export as new Build Order

MelloW Protoss 

Build Orders: Nexus First, Blink Stalkers 

Get SALT Encoding   

  12  0:01  Probe (Chrono Boost)  
  13  0:11  Probe (Chrono Boost)  
  14  0:17  Pylon  
  14  0:22  Probe (Chrono Boost)  
  15  0:36  Probe (Chrono Boost)  
  16  0:46  Probe (Chrono Boost)  
  17  0:57  Nexus  
  17  1:02  Probe (Chrono Boost)  
  18  1:11  Gateway  
  18  1:14  Probe (Chrono Boost)  
  19  1:20  Assimilator  
  19  1:25  Probe (Chrono Boost)  
  20  1:26  Assimilator  
  20  1:34  Pylon  
  20  1:36  Probe (Chrono Boost)  
  21  1:47  Probe (Chrono Boost)  
  22  1:55  Gateway  
  22  1:57  Probe (Chrono Boost)  
  23  2:02  Cybernetics Core  
  23  2:08  Probe (Chrono Boost)  
  24  2:12  Probe (Chrono Boost)  
  25  2:18  Probe (Chrono Boost)  
  25  2:22  Probe (Chrono Boost)  
  27  2:29  Probe (Chrono Boost)  
  28  2:32  Probe (Chrono Boost)  
  29  2:39  Probe (Chrono Boost), Warp Gate  
  29  2:40  Adept (Chrono Boost)  
  29  2:42  Adept (Chrono Boost)  
  29  2:43  Probe  
  35  2:51  Probe  
  36  2:55  Probe (Chrono Boost)  
  37  3:03  Probe (Chrono Boost)  
  38  3:07  Probe (Chrono Boost)  
  38  3:10  Nexus  
  39  3:16  Probe (Chrono Boost)  
  40  3:21  Twilight Council  
  40  3:23  Probe (Chrono Boost)  
  40  3:27  Mothership Core (Chrono Boost)  
  43  3:31  Pylon  
  43  3:34  Probe (Chrono Boost)  
  44  3:42  Pylon  
  44  3:44  Probe (Chrono Boost)  
  44  3:45  Probe (Chrono Boost)  
  44  3:47  Gateway  
  46  3:51  Blink (Chrono Boost)  
  46  3:54  Probe (Chrono Boost)  
  46  3:55  Probe (Chrono Boost)  
  48  4:03  Probe  
  48  4:05  Gateway  
  49  4:10  Probe  
  49  4:11  Robotics Facility  
  49  4:14  Probe  
  51  4:18  Assimilator  
  51  4:19  Assimilator  
  51  4:22  Probe  
  52  4:24  Probe  
  52  4:30  Probe  
  51  4:34  Probe  
  51  4:36  Probe  
  52  4:40  Gateway  
  52  4:41  Gateway  
  52  4:44  Probe  
  52  4:45  Gateway  
  52  4:46  Gateway  
  52  4:48  Stalker  
  52  4:49  Stalker  
  52  4:51  Probe  
  58  4:53  Probe  
  58  4:55  Probe  
  60  5:03  Probe x2, Observer (Chrono Boost)  
  63  5:07  Stalker  
  63  5:08  Probe  
  66  5:14  Probe, Pylon  
  66  5:15  Probe  
  66  5:21  Probe  
  69  5:24  Stalker, Pylon, Warp Prism (Chrono Boost)  
  69  5:25  Probe  
  69  5:27  Probe  
  75  5:31  Stalker  
  75  5:32  Pylon  
  75  5:33  Probe  
  78  5:36  Stalker  
  78  5:42  Stalker x2  
  84  5:46  Stalker x2  
  84  5:49  Stalker  
  90  5:51  Zealot  
  90  5:55  Forge  
  51  5:57  Resonating Glaives  
  92  5:58  Observer (Chrono Boost)  
  93  6:07  Probe  
  93  6:08  Probe  
  95  6:13  Stalker, Pylon  
  95  6:14  Stalker x2, Pylon  
  101  6:19  Pylon  
  101  6:21  Pylon  
  101  6:37  Stalker x5  
  101  6:38  Stalker x3  
  117  6:47  Probe  
  117  6:48  Probe  
  117  6:51  Protoss Ground Weapons Level 1 (Chrono Boost), Assimilator  
  119  6:56  Assimilator  
  119  7:00  Adept  
  119  7:01  Adept x6  
  127  7:07  Pylon x2  
  133  7:12  Pylon x2  
  133  7:29  Stalker x4  
  138  7:30  Stalker x3  
  138  7:31  Stalker  
  137  7:50  Stalker x2  
  135  7:55  Adept x4  
  142  8:08  Probe x2  
  142  8:10  Adept x2  
  142  8:11  Adept x2  
  145  8:14  Probe  
  146  8:20  Stalker, Probe x2  
  148  8:30  Probe  
  148  8:32  Probe  
  150  8:38  Probe  
  151  8:43  Adept x6  
  163  8:56  Stalker  
  141  9:11  Mothership Core  
  141  9:15  Sentry x2  
  141  9:16  Stalker x2  
  128  9:20  Nexus  
  122  9:31  Pylon x2  
  74  10:10  Pylon  
Show
View Real Time Build Order
Export as new Build Order

LiquidTLO Zerg - Winner!

Build Orders: Hatch First 

Get SALT Encoding   

  12  0:01  Drone  
  13  0:12  Overlord  
  13  0:17  Drone  
  14  0:31  Drone x2  
  16  0:48  Hatchery  
  15  0:51  Drone  
  16  1:06  Spawning Pool  
  16  1:08  Drone  
  16  1:12  Drone  
  16  1:16  Drone  
  18  1:37  Hatchery  
  18  1:39  Drone  
  18  1:41  Drone  
  19  1:52  Queen  
  21  2:01  Zergling x2  
  22  2:03  Queen  
  22  2:07  Drone  
  25  2:10  Drone  
  25  2:13  Drone  
  27  2:18  Overlord  
  27  2:26  Drone  
  28  2:38  Drone x2  
  28  2:39  Drone, Queen  
  28  2:41  Drone  
  34  2:46  Queen  
  36  2:54  Overlord  
  36  2:58  Zergling x6  
  39  3:00  Drone  
  39  3:01  Drone  
  39  3:03  Drone  
  42  3:12  Queen  
  44  3:13  Drone  
  44  3:14  Extractor  
  44  3:15  Drone, Extractor  
  44  3:17  Drone  
  44  3:19  Drone  
  46  3:21  Drone  
  46  3:23  Drone  
  46  3:26  Overlord  
  48  3:28  Drone  
  48  3:30  Drone  
  50  3:37  Overlord  
  50  3:38  Overlord  
  50  3:42  Overlord  
  50  3:46  Drone x2  
  52  3:52  Drone  
  52  3:53  Drone, Spine Crawler  
  52  3:54  Drone  
  54  3:56  Drone  
  54  3:58  Drone  
  54  4:00  Drone  
  57  4:03  Drone  
  57  4:05  Lair  
  57  4:07  Drone  
  57  4:09  Drone  
  60  4:12  Drone x2  
  60  4:15  Drone  
  63  4:17  Drone  
  63  4:19  Drone x2  
  63  4:20  Drone  
  63  4:23  Drone  
  68  4:29  Drone  
  68  4:30  Drone x2, Extractor  
  68  4:31  Drone, Extractor  
  69  4:33  Drone  
  69  4:34  Extractor  
  69  4:35  Extractor  
  68  4:38  Spore Crawler  
  68  4:40  Spore Crawler  
  68  4:41  Drone  
  68  4:42  Drone  
  68  4:45  Metabolic Boost  
  68  4:49  Evolution Chamber, Drone  
  68  4:50  Drone  
  68  4:51  Evolution Chamber  
  68  4:52  Drone  
  69  4:55  Drone  
  70  5:00  Drone x2  
  72  5:07  Drone x2  
  72  5:08  Drone, Spire  
  72  5:09  Overlord  
  72  5:11  Overlord  
  74  5:15  Zerg Melee Weapons Level 1  
  74  5:21  Zerg Ground Armor Level 1  
  74  5:24  Overlord x2  
  74  5:29  Overseer  
  74  5:31  Drone x3  
  74  5:32  Drone  
  74  5:33  Drone  
  74  5:34  Zergling x2  
  80  5:48  Overlord  
  80  5:51  Drone  
  80  5:53  Hatchery  
  80  5:56  Drone  
  81  6:03  Zergling x2  
  82  6:05  Drone  
  82  6:07  Zergling x4  
  85  6:12  Drone x5  
  85  6:15  Overlord  
  90  6:21  Mutalisk  
  90  6:22  Mutalisk x7  
  106  6:33  Overlord  
  106  6:34  Mutalisk  
  106  6:35  Mutalisk  
  106  6:38  Mutalisk  
  112  6:42  Mutalisk  
  112  6:44  Overlord  
  113  6:50  Spine Crawler  
  113  6:51  Mutalisk, Spine Crawler x2  
  113  6:52  Spine Crawler x2  
  113  6:53  Mutalisk  
  110  6:55  Zergling x8  
  114  7:04  Zergling x4  
  114  7:06  Mutalisk x2  
  114  7:07  Zergling x8  
  124  7:14  Spine Crawler  
  123  7:15  Mutalisk  
  123  7:17  Spine Crawler  
  123  7:20  Zergling x2  
  125  7:33  Overlord x3  
  125  7:34  Overlord x2  
  117  7:51  Mutalisk x3  
  117  7:53  Zergling x18  
  132  8:10  Mutalisk  
  134  8:15  Hatchery, Mutalisk  
  133  8:20  Zergling x2  
  133  8:21  Zergling x2  
  133  8:25  Zergling x2  
  133  8:26  Zergling x2  
  135  8:27  Hatchery  
  135  8:31  Mutalisk x2  
  138  8:35  Zergling x4  
  138  8:36  Zergling x2  
  138  8:39  Spine Crawler  
  138  8:40  Spine Crawler x2  
  138  8:41  Spine Crawler  
  138  8:42  Mutalisk  
  138  8:46  Zergling x2  
  140  8:49  Zergling x2  
  140  8:52  Spine Crawler x2, Zergling x2  
  140  8:53  Zergling x2  
  140  8:54  Zergling x4  
  143  8:55  Spine Crawler  
  143  8:57  Hatchery  
  143  8:58  Mutalisk x2  
  145  9:04  Mutalisk  
  140  9:14  Mutalisk, Spine Crawler x2  
  140  9:15  Spine Crawler  
  140  9:16  Spine Crawler x2  
  131  9:17  Spine Crawler  
  131  9:23  Mutalisk  
  112  9:29  Mutalisk  
  109  9:34  Zergling x6  
  109  9:36  Zergling x4  
  109  9:38  Zergling x6  
  108  9:47  Drone  
  108  9:48  Drone  
  108  9:49  Drone  
  108  10:06  Drone  
  106  10:07  Drone  
  106  10:12  Spine Crawler  
  103  10:15  Spine Crawler  
  102  10:28  Drone x2  
  102  10:31  Drone x3  
  100  10:53  Drone x2  
  80  11:07  Drone x3  
  83  11:12  Drone x2  
  83  11:13  Drone  

Tags
 
Add a new tag
Caveats
  • Supply blocks, unpowered buildings, or Contaminate may cause inaccurate times.
  • Supply counts are checked every 10 seconds.